 Dungeon Crawl Stone Soup version 0.21-a0-404-g291f19a (webtiles) character file.

165 Hasart the Digger (level 5, -7/28 HPs)
             Began as a Deep Elf Earth Elementalist on Oct 30, 2017.
             Killed by nerve-wracking pain
             ... invoked by an orc priest
              (12 damage)
             ... on level 3 of the Dungeon.
             The game lasted 00:06:08 (3795 turns).

Hasart the Digger (Deep Elf Earth Elementalist)     Turns: 3795, Time: 00:06:08

Health: -7/28      AC:  2    Str:  5    XL:     5   Next: 21%
Magic:  9/14       EV: 13    Int: 21    God:
Gold:   138        SH:  0    Dex: 15    Spells: 9/13 levels left

rFire    . . .     SeeInvis .   l - +0 rapier
rCold    . . .     Gourm    +   (no shield)
rNeg     . . .     Faith    .   c - +0 robe
rPois    .         Spirit   .   (no helmet)
rElec    .         Reflect  .   (no cloak)
rCorr    .         Harm     .   (no gloves)
MR       .....                  (no boots)
Stlth    ++........             j - amulet of the gourmand
HPRegen  0.09/turn              (no ring)
MPRegen  0.14/turn              (no ring)

@: no status effects
A: no striking features
a: no special abilities


You were on level 3 of the Dungeon.
You were completely stuffed.

You visited 1 branch of the dungeon, and saw 3 of its levels.

You collected 138 gold pieces.

Inventory:

Hand Weapons
 l - a +0 rapier (weapon)
Missiles
 b - 96 stones (quivered)
Armour
 c - a +0 robe (worn)
Jewellery
 j - an amulet of the gourmand (around neck)
 p - an uncursed amulet of faith
Scrolls
 a - a scroll of enchant armour {unknown}
 g - 2 scrolls of fog {unknown}
 k - 2 scrolls of immolation {unknown}
 m - 2 scrolls of enchant weapon {unknown}
 n - a scroll of recharging {unknown}
 t - a scroll of identify {unknown}
Potions
 f - a potion of berserk rage {unknown}
 h - 2 potions of curing {unknown}
 i - 2 potions of degeneration {unknown}
 o - 2 potions of haste {unknown}
 q - a potion of heal wounds {unknown}
Books
 e - a book of Geomancy

   Spells                             Type                      Level
   a - Sandblast                      Earth                        1
   b - Passwall                       Transmutation/Earth          2
   c - Stone Arrow                    Conjuration/Earth            3
   d - Petrify                        Transmutation/Earth          4
   e - Lee's Rapid Deconstruction     Earth                        5
Comestibles
 d - a bread ration
 r - a meat ration


   Skills:
 - Level 2.4 Dodging
 - Level 2.4 Stealth
 + Level 4.8 Spellcasting
   Level 1.1 Transmutations
 * Level 5.7 Earth Magic


You had 9 spell levels left.
You knew the following spells:

 Your Spells              Type           Power        Failure   Level  Hunger
a - Sandblast             Erth           ####..       1%          1    None
c - Stone Arrow           Conj/Erth      ###...       10%         3    ##.....


Dungeon Overview and Level Annotations

Branches:
Dungeon (3/15)

Altars:
Dithmenos


Message History

Confirm with . or Enter, or press ? or * to list all spells.
Aiming: Sandblast
Press: ? - help, Shift-Dir - straight line, f - orc
Aim: an orc, wielding a dagger The blast of sand hits the orc.
You kill the orc!
b - 97 stones The orc priest mumbles some strange prayers to Beogh against you.
Beogh smites you!
* * * LOW HITPOINT WARNING * * *
Casting: Sandblast
Confirm with . or Enter, or press ? or * to list all spells.
Aiming: Sandblast
Press: ? - help, Shift-Dir - straight line, f - orc priest
Aim: an orc priest, wielding a hand axe and wearing a ring mail The blast of sand hits the orc priest.
b - 96 stones The orc priest invokes the aid of Beogh against you.
Pain shoots through your body!
You die...

......#
#.#
......#
#.#
...)..#
#.#
.(....#
#.#
(.#####
#.# .##
#.# ##
#.# .##
#.# ..#
#@# #<#
#.# #.#
#)# #.#
#o#
...#
#.#
.#..
#.#
.##.#
#.# .#
.. #.#
.# ##.


You could see an orc priest.

Vanquished Creatures
  2 orc priests (D:3)
  3 adders
  2 dart slugs (D:2)
  3 leopard geckos
  4 orcs (D:3)
  9 bats
  3 giant cockroaches
  4 goblins
  12 hobgoblins
  5 jackals
  A ball python (D:2)
  A frilled lizard (D:2)
  9 kobolds
  9 rats
67 creatures vanquished.

Notes
Turn   | Place    | Note
-------+----------+-------------------------------------------
     0 | D:1      | Hasart the Deep Elf Earth Elementalist began the quest for the Orb.
     0 | D:1      | Reached XP level 1. HP: 10/10 MP: 6/6
   584 | D:1      | Reached XP level 2. HP: 15/15 MP: 8/8
   901 | D:1      | Reached skill level 4 in Earth Magic
  1223 | D:1      | Reached XP level 3. HP: 4/19 MP: 3/10
  1820 | D:2      | Learned a level 3 spell: Stone Arrow
  2220 | D:2      | Found a shadowy altar of Dithmenos.
  2383 | D:2      | Reached XP level 4. HP: 24/24 MP: 12/12
  3059 | D:3      | Reached skill level 5 in Earth Magic
  3792 | D:3      | Reached XP level 5. HP: 17/28 MP: 11/14
  3795 | D:3      | Killed from afar by an orc priest

Vault maps used:
D:1:      mrwooster_arrival_statue, minmay_split_cup_large
D:2:      grunt_dithmenos_smoke_and_mirrors, minmay_misc_feat_alley,
          feat_on_display
D:3:      first_bread, grunt_ministairs_12, minmay_misc_feat_four_crosses,
          minivault_27, goddamned_bats

Skill      XL: |  1  2  3  4 |
---------------+-------------+-----
Earth Magic    | 4 5 |  5.7
Spellcasting   | 4 |  4.8
Dodging        | |  2.4
Stealth        | |  2.4
Transmutations | |  1.1

Action                   |  1- 3 |  4- 6 || total
-------------------------+-------+-------++-------
Melee: Unarmed           |    17 |       ||    17
       Dagger            |    68 |       ||    68
       Spear             |    59 |       ||    59
       Rapier            |     6 |    39 ||    45
 Cast: Sandblast         |    33 |    19 ||    52
 Stab: Sleeping          |     7 |     3 ||    10
       Distracted        |       |     1 ||     1
  Eat: Chunk             |    12 |    10 ||    22
Armor: Robe              |    65 |     6 ||    71
Dodge: Dodged            |   149 |    26 ||   175

Table legend:
 A = Spawn XP
 B = Non-spawn XP
 C = Spawn XP percentage of total XP
 D = Spawn monster count
 E = Non-spawn monster count
 F = Spawn count percentage of total count
 G = Total turns spent on level
                    A         B        C        D         E        F      G
               +---------+---------+-------+---------+---------+-------+---------
         Total |       0 |     236 |   0.0 |       0 |      67 |   0.0 |  3795
               +---------+---------+-------+---------+---------+-------+---------
           D:1 |       0 |      44 |   0.0 |       0 |      28 |   0.0 |  1762
           D:2 |       0 |      61 |   0.0 |       0 |      21 |   0.0 |  1203
           D:3 |       0 |     131 |   0.0 |       0 |      18 |   0.0 |   830
               +---------+---------+-------+---------+---------+-------+---------
